 Dungeon Crawl Stone Soup version 0.30-a0-777-ga9a30cbeda (console) character file.

Game seed: 5433089796300168531

524 rlgrobin the Chopper (level 7, -2/59 HPs)
             Began as an Armataur Fighter on Feb 15, 2023.
             Was a Believer of Dithmenos.
             Slain by a black bear (4 damage)
             ... on level 7 of the Dungeon.
             The game lasted 00:04:46 (707 turns).

rlgrobin the Chopper (Armataur Fighter)              Turns: 707, Time: 00:04:47

Health: -2/59      AC:  9    Str: 21    XL:     7   Next: 2%
Magic:  7/7        EV:  7    Int:  9    God:    Dithmenos [**....]
Gold:   68         SH:  5    Dex: 11    Spells: 6/6 levels left

rFire   . . .      SeeInvis .    a - +0 war axe
rCold   . . .      Faith    .    l - orb {*Rage}
rNeg    . . .      Spirit   .    b - +0 scale mail
rPois   .          Reflect  +    (no helmet)
rElec   .          Harm     .    (no cloak)
rCorr   .          Roll     +    j - +1 pair of gloves
Will    .....      Rage     20%  (no barding) Stlth
                                 f - amulet of reflection
HPRegen 0.29/turn                (no ring)
MPRegen 0.10/turn                (no ring)

@: flying, wreathed by umbra
A: large, rugged brown scales 3, deformed body, armoured tail, roll, long
tongue, awkward tongue
a: Renounce Religion, Shadow Step


You were on level 7 of the Dungeon.
You worshipped Dithmenos.
Dithmenos was pleased with you.
You visited 1 branch of the dungeon, and saw 7 of its levels.

You collected 68 gold pieces.

Inventory:

Hand Weapons
 a - a +0 war axe (weapon)
 n - the +0 trident of Vocibata {holy, rElec rF+ rN+}
   (You found it on level 5 of the Dungeon)

   rF:        It protects you from fire.
   rElec:     It insulates you from electricity.
   rN:        It protects you from negative energy.
Missiles
 g - 8 poisoned darts (quivered)
Armour
 b - a +0 scale mail (worn)
 c - a +0 buckler
 j - a +1 pair of gloves (worn)
 l - an orb of wrath (worn)
Jewellery
 f - an amulet of reflection (around neck)
Scrolls
 e - a scroll of silence {unknown}
 h - a scroll of identify {unknown}
 i - a scroll of poison {unknown}
 k - a scroll of fear {unknown}
 m - a scroll of magic mapping {unknown}
Potions
 d - a potion of might
 o - a potion of resistance


   Skills:
 - Level 2.6 Fighting
 + Level 6.4 Axes
 - Level 3.6 Armour
 - Level 3.2 Shields


You had 6 spell levels left.
You didn't know any spells.
Your spell library was empty.

Dungeon Overview and Level Annotations

Branches:
Dungeon (7/15)
 Temple: D:4-7

Altars:
Dithmenos
Trog

Shops:
D:1 [


Innate Abilities, Weirdness & Mutations

You are completely covered in rugged brown scales. (AC +3, +7% HP)
Armour fits poorly on your strangely shaped body.
You have a long armoured tail.
You roll when moving toward enemies. (Rampage)
Your long tongue fully drains potion bottles. (2x potion effects)
Your tongue gives you trouble enunciating. (1.5x scroll delay)


Message History

You barely miss the black bear.
The black bear is severely wounded.
The black bear bites you.
The black bear claws you but does no damage.
The black bear claws you.
The sky beast flickers out of sight!
Deactivating autopickup; reactivate with Ctrl-A.
Something hits you. Something shocks you. The black bear bites you.
The black bear claws you. The black bear barely misses you.
You hit the black bear but do no damage.
You tail-slap the black bear, but do no damage.
The black bear is heavily wounded.
You closely miss something.
You recover from your berserk rage.
The black bear bites you.
* * * LOW HITPOINT WARNING * * *
The black bear claws you but does no damage.
You block the black bear's attack. Something hits you but does no damage.
You hit the black bear.
The black bear is severely wounded.
You slash something! The black bear bites you.
* * * LOW HITPOINT WARNING * * *
The black bear claws you but does no damage.
You block the black bear's attack.
A sky beast appears from thin air!
Reactivating autopickup.
The sky beast hits you.
* * * LOW HITPOINT WARNING * * *
The sky beast shocks you.
* * * LOW HITPOINT WARNING * * *
You slurp down every last drop of the glowing brown potion!
It was a potion of flight.
You feel very buoyant.
You fly up into the air.
You block the black bear's attack.
The black bear claws you but does no damage. x2
The sky beast hits you but does no damage.
You hit the black bear.
The black bear is severely wounded.
You hit the sky beast. The black bear bites you.
* * * LOW HITPOINT WARNING * * *
The black bear claws you.
You die...

###. ......#..##.##..
#...##...............
.###....#.##..#.).......
........#.#...#.#.#.....
..............#...# #..#
...........##.)...# .#
..!........##.....###.
.......<...#...........
..#.......@#...#.......
#......Yh#...#.......
##.......Y...##......
............## ...#..
#.##...............#..
.....?.............## ..
.................
....<..........#.
.............#.#


You could see a black bear, an ice beast and a sky beast.

Vanquished Creatures
  A water moccasin (D:5)
  Duvessa (D:7)
  Dowan (D:7)
  2 hounds (D:5)
  2 jellies (D:5)
  An orc priest (D:3)
  An iguana (D:6)
  5 gnolls (D:5)
  2 adders (D:5)
  An ufetubus (D:5)
  A dart slug (D:1)
  3 orcs
  2 ball pythons
  3 endoplasms
  A giant cockroach (D:1)
  3 goblins (D:1)
  A hobgoblin (D:4)
  A quokka (D:5)
  A frilled lizard (D:3)
  2 rats (D:1)
35 creatures vanquished.

Notes
Turn   | Place    | Note
-------+----------+-------------------------------------------
     0 | D:1      | rlgrobin the Armataur Fighter began the quest for the Orb.
     0 | D:1      | Reached XP level 1. HP: 19/19 MP: 1/1
    58 | D:1      | Reached skill level 2 in Axes
   110 | D:1      | Found Minacika's Armour Emporium.
   126 | D:1      | Found a faded altar of an unknown god.
   133 | D:1      | Prayed at the altar of an unknown god.
   133 | D:1      | Became a worshipper of Dithmenos the Shadowed
   133 | D:1      | Reached * piety under Dithmenos
   185 | D:1      | Reached XP level 2. HP: 25/26 MP: 2/2
   263 | D:3      | Reached skill level 3 in Axes
   263 | D:3      | Reached XP level 3. HP: 23/32 MP: 3/3
   397 | D:5      | Entered Level 5 of the Dungeon
   402 | D:5      | Found a bloodstained altar of Trog.
   408 | D:5      | Noticed a water moccasin
   414 | D:5      | Killed a water moccasin
   415 | D:5      | Reached skill level 4 in Axes
   415 | D:5      | Reached XP level 4. HP: 22/39 MP: 4/4
   415 | D:5      | Reached XP level 5. HP: 25/44 MP: 5/5
   473 | D:5      | Reached skill level 5 in Axes
   525 | D:5      | Identified the +0 trident of Vocibata {holy, rElec rF+ rN+}
   571 | D:5      | Noticed an ice beast
   605 | D:5      | Reached XP level 6. HP: 53/53 MP: 6/6
   607 | D:5      | Reached ** piety under Dithmenos
   655 | D:7      | Noticed Duvessa
   655 | D:7      | Noticed Dowan
   662 | D:7      | Killed Duvessa
   663 | D:7      | Reached skill level 6 in Axes
   676 | D:7      | Killed Dowan
   677 | D:7      | Reached XP level 7. HP: 38/59 MP: 7/7
   707 | D:7      | HP: 2/59 [black bear (2)]
   707 | D:7      | Slain by a black bear

Illustrated notes

Levels and vault maps discovered:
D:1:      dpeg_arrival_shelter, layout_basic, hellmonk_ecumenical_altar_run_dry,
          serial_shops, shop
D:2:      layout_basic, basic_altar
D:3:      layout_loops_cross, uniq_robin, uniq_terence
D:4:      layout_cave_pools, mainiacjoe_overflow_brackets,
          serial_co_window_serial, co_window_corner_a, co_window_paths_a,
          co_window_paths_b, co_window_paths_a, co_window_cross_1,
          co_window_broadway_b, co_window_2corner, co_window_corner_b,
          co_window_paths_c, co_window_of_opportunity_b,
          co_window_unsneaky_path_d, co_window_sun, glass_columns_b,
          glass_columns_b, glass_columns_b
D:5:      layout_loops_corners, trog_three_pillars_becter,
          gammafunk_ghost_nasty_kobolds, minmay_fractal_squares_5
D:6:      layout_gridville, minmay_temple_entry_waves
D:7:      layout_cave_pools, uniq_duvessa

Skill      XL: |  1  2  3  4  5  6 |
---------------+-------------------+-----
Axes           | 2 3 4 5 6 |  6.4
Fighting       | |  2.6
Armour         | |  3.6
Shields        | |  3.2

Action                     |  1- 3 |  4- 6 |  7- 9 || total
---------------------------+-------+-------+-------++-------
  Melee: War axe           |    49 |    59 |     6 ||   114
         Tailslap          |     5 |     5 |     1 ||    11
    Use: Potion            |       |     1 |     1 ||     2
 Armour: Scale mail        |    14 |    36 |    10 ||    60
  Dodge: Dodged            |    17 |    17 |     2 ||    36
  Block: Buckler           |    14 |       |       ||    14
         Orb               |       |    16 |     3 ||    19
         Reflection        |       |     1 |       ||     1

Table legend: (Time is in decaauts)
 A = Elapsed time spent in this place.
 B = Non-inter-level travel time spent in this place.
 C = Inter-level travel time spent in this place.
 D = Time resting spent in this place.
 E = Time spent auto-exploring this place.
 F = Levels seen in this place.
 G = Mean time per level.
                   A        B        C        D        E       F      G
               +--------+--------+--------+--------+--------+-----+--------+
         Total |    765 |    765 |      0 |     87 |      0 |   7 |  109.3 |
       Dungeon |    765 |    765 |      0 |     87 |      0 |   7 |  109.3 |
               +--------+--------+--------+--------+--------+-----+--------+

Top non-repeatable levels by time:
     D:5: 237 daAuts
     D:1: 200 daAuts
     D:3: 120 daAuts
     D:7: 65 daAuts
     D:4: 56 daAuts
     D:6: 48 daAuts
     D:2: 36 daAuts
